 Dungeon Crawl Stone Soup version 0.17-a0-1882-g750edc8 (webtiles) character file.

49 GrandHerb the Poker (level 3, -1/30 HPs)
             Began as a Draconian Gladiator on Sept 22, 2015.
             Killed from afar by Terence (3 damage)
             ... with a wand of flame
             ... on level 2 of the Dungeon.
             The game lasted 00:10:19 (911 turns).

GrandHerb the Poker (Draconian Gladiator)            Turns: 911, Time: 00:10:19

Health: -1/30      AC:  6    Str: 17    XL:     3   Next: 51%
Magic:  3/3        EV: 13    Int:  8    God:
Gold:   108        SH:  0    Dex: 12    Spells: 0 memorised, 2 levels left

rFire  x . .     SeeInvis .     a - +0 trident
rCold  + . .     Clarity  .     (armour unavailable)
rNeg   . . .     SustAt   .     (no shield)
rPois  .         Gourm    .     b - +0 hat
rElec  .         Spirit   .     (no cloak)
rCorr  .         Warding  .     j - +0 pair of gloves
rMut   .         Stasis   .     (no boots)
MR     .....                    (no amulet)
Stlth  +.........               s - ring of wizardry
                                e - ring of ice

@: not resistant to hostile enchantments, very unstealthy
A: unfitting armour, cold-blooded, AC +5
a: no special abilities


You were on level 2 of the Dungeon.
You were not hungry.

You visited 1 branch of the dungeon, and saw 2 of its levels.

You collected 108 gold pieces.

Inventory:

Hand weapons
 a - a +0 trident (weapon)
Missiles
 c - 3 throwing nets (quivered)
Armour
 b - a +0 hat (worn)
 j - a +0 pair of gloves (worn)
Jewellery
 e - a ring of ice (left hand)
 p - an uncursed ring of ice
 s - a ring of wizardry (right hand)
Scrolls
 f - 2 scrolls of immolation {unknown}
 h - a scroll of fog {unknown}
 k - a scroll of identify {unknown}
 n - 3 scrolls of remove curse {unknown}
 r - a scroll of teleportation {unknown}
 u - a scroll of blinking {unknown}
Potions
 g - a potion of invisibility {unknown}
 i - a potion of agility {unknown}
 m - a potion of curing {unknown}
 o - a potion of lignification {unknown}
 t - a potion of heal wounds {unknown}
Comestibles
 d - a bread ration
 l - a meat ration


   Skills:
 + Level 2.6 Fighting
 + Level 3.4 Polearms
 + Level 2.4 Throwing
 + Level 3.1 Dodging


You had 2 spell levels left.
You didn't know any spells.

Dungeon Overview and Level Annotations

Branches:
Dungeon (2/15)

Altars:
Elyvilon

Annotations:
D:2 Terence


Innate Abilities, Weirdness & Mutations

Your plain brown scales are hard (AC +5).
Your body does not fit into most forms of armour.
You are cold-blooded and may be slowed by cold attacks.


Message History

Terence is moderately wounded.
You hit Terence.
Terence is moderately wounded.
Terence zaps a wand.
The puff of flame hits you! The fire burns you terribly!
* * * LOW HITPOINT WARNING * * *
Terence hits you but does no damage.
You hit Terence but do no damage.
Terence is moderately wounded.
You closely miss Terence.
Your tail-slap misses Terence.
Terence is moderately wounded.
Terence barely misses you.
You hit Terence but do no damage.
Terence is moderately wounded.
Terence zaps a wand.
The puff of flame misses you.
You puncture Terence!
Terence is severely wounded.
Terence zaps a wand.
The puff of flame hits you! The fire burns you terribly!
* * * LOW HITPOINT WARNING * * *
Terence zaps a wand.
The puff of flame hits you! The fire burns you terribly!
You die...

..## # @..#
#. .#.#
.########.#.#
.. ......#.#
#. #.#.##.#
#.###...@@.#
#........###
##.####..#
#.##....#
#.##.##.#
#.##.##.#
#.......#
####.####
#.#.#


You could see Terence.

Vanquished Creatures
  3 adders (D:2)
  An ooze (D:1)
  A worm (D:2)
  A giant cockroach (D:1)
  2 goblins (D:1)
  2 hobgoblins (D:1)
  3 kobolds
  A bat (D:2)
  A giant newt (D:1)
  4 rats (D:1)
19 creatures vanquished.

Notes
Turn   | Place    | Note
--------------------------------------------------------------
     0 | D:1      | GrandHerb the Draconian Gladiator began the quest for the Orb.
     0 | D:1      | Reached XP level 1. HP: 17/17 MP: 1/1
   198 | D:1      | Reached XP level 2. HP: 24/24 MP: 2/2
   625 | D:2      | Found a white marble altar of Elyvilon.
   678 | D:2      | Reached XP level 3. HP: 26/30 MP: 3/3
   892 | D:2      | Noticed Terence
   911 | D:2      | Killed from afar by Terence

Vault maps used:
D:1:      tarquinn_simple_flora_water_e, corexii_hall_statues_s
D:2:      elyvilon_altar_1, grunt_qazlal_clouds, minivault_5, corexii_shack,
          uniq_terence

Action                   || total
-------------------------++-------
Melee: Trident           ||    93
 Stab: Sleeping          ||     1
